AoeStats
← CaptainThomas

Golden Pit

503122877Analyzed
1v1 RM · 1mo ago on Aug 30, 2026· 34m 1s· 2 players
Game mode
Random Map
Map size
Tiny (2 player)
Population
200
Speed
Normal
Resources
Standard
Victory
Conquest
Starting age
Dark Age
Ending age
Imperial Age
RankedLock teamsTeams togetherTeam positionsShared explorationLock speedFull tech treeHidden civsTurbo modeCheats
Victory
Defeat
🇫🇷 Franks · France
1632
+19
🇦🇷 Romans · Argentina
1688
-19
CaptainThomas
9:27 Loom
11:17 Feudal Age
20:02 Castle Age
19:11 Double-Bit Axe
22:39 Wheelbarrow
22:18 Scale Barding Armor
23:25 Chain Barding Armor
27:29 Bow Saw
29:21 Scale Mail Armor
29:37 Forging
30:25 Scale Mail Armor
31:27 Chain Mail Armor
31:53 Iron Casting
31:17 Gold Mining
32:06 Chain Mail Armor
Jhoonas
6:14 Loom
8:54 Feudal Age
9:04 Man-at-Arms
11:32 Scale Mail Armor
15:16 Fletching
21:59 Castle Age
19:53 Horse Collar
20:03 Double-Bit Axe
20:12 Horse Collar
22:01 Pikeman
23:05 Squires
23:28 Chain Mail Armor
24:42 Bodkin Arrow
27:14 Forging
Connection lost

Rejoining the realm…

Still unreachable

The connection could not be restored.

Session expired

The server has moved on; the page needs a fresh start.